 Dungeon Crawl Stone Soup version 0.19.1 (webtiles) character file.

251 spooks32 the Archer (level 5, 0/46 HPs)
             Began as a Centaur Hunter on Dec 16, 2016.
             Succumbed to an adder's poison
             ... on level 5 of the Dungeon.
             The game lasted 00:10:42 (4131 turns).

spooks32 the Archer (Centaur Hunter)                Turns: 4131, Time: 00:10:42

Health: 0/46       AC:  5    Str: 15    XL:     5   Next: 88%
Magic:  5/5        EV:  9    Int: 10    God:
Gold:   75         SH:  0    Dex: 10    Spells: 0 memorised, 4 levels left

rFire  . . .     SeeInvis .     r - +0 long sword
rCold  . . .     Gourm    .     c - +0 leather armour
rNeg   . . .     Faith    .     (no shield)
rPois  .         Spirit   .     (no helmet)
rElec  .         Reflect  .     e - +0 cloak
rCorr  .         Harm     .     (no gloves)
MR     .....                    (no barding)
Stlth  +.........               (no amulet)
                                (no ring)
                                (no ring)

@: lethally poisoned (0 -> -4), flying, very quick
A: hooves 3, deformed body, speed 2, tough skin 3
a: no special abilities


You were on level 5 of the Dungeon.
You were not hungry.

You visited 1 branch of the dungeon, and saw 5 of its levels.

You collected 183 gold pieces.
You spent 108 gold pieces at shops.

Inventory:

Hand Weapons
 a - a +1 shortbow
 o - a +0 hunting sling of flaming
 r - a +0 long sword (weapon)
Missiles
 d - 5 arrows
Armour
 c - a +0 leather armour (worn)
 e - a +0 cloak (worn)
Wands
 f - a wand of disintegration (13/24)
Scrolls
 b - a scroll of identify
 g - 2 scrolls of random uselessness {unknown}
 i - a scroll of recharging {unknown}
 j - a scroll of blinking {unknown}
 l - 3 scrolls of remove curse
 n - 2 scrolls of fear
Comestibles
 q - 4 meat rations
 t - a bread ration


   Skills:
 * Level 3.8 Fighting
 - Level 0.1 Long Blades
 * Level 8.2 Bows
 - Level 0.4 Armour
 - Level 1.3 Dodging
 - Level 0.4 Stealth


You had 4 spell levels left.
You didn't know any spells.

Dungeon Overview and Level Annotations

Branches:
Dungeon (5/15)
 Temple: D:4-7

Altars:
Cheibriados
Hepliaklqana
Nemelex Xobeh
Qazlal
The Shining One

Shops:
D:4 *


Innate Abilities, Weirdness & Mutations

You have hooves in place of feet.
Armour fits poorly on your strangely shaped body.
You cover ground very quickly.
You have extremely tough skin. (AC +3)


Message History

The shadow imp gestures at you. Pain shoots through your body!
* * * LOW HITPOINT WARNING * * *
The adder closely misses you.
You barely miss the shadow imp.
You kick the shadow imp, but do no damage.
The shadow imp is almost dead.
You feel sick. The shadow imp gestures at you. Pain shoots through your body!
* * * LOW HITPOINT WARNING * * *
The adder bites you.
* * * LOW HITPOINT WARNING * * *
The shadow imp gestures at you.
You barely resist. The adder bites you.
* * * LOW HITPOINT WARNING * * *
It was a potion of flight.
You feel very buoyant.
You fly up into the air.
You die...

#... #... #...
#... . #... #..
####...#####....
.............<#.
...../5@S.......
........<.....#.
####...#####>#..
#... # #... #...
.... #....


You could see an adder and a shadow imp.

Vanquished Creatures
  An ogre (D:4)
  A howler monkey (D:4)
  2 worker ants (D:4)
  3 adders
  An ooze (D:2)
  2 worms (D:2)
  2 dart slugs
  A leopard gecko (D:1)
  An orc (D:5)
  4 bats
  5 giant cockroaches
  4 goblins
  5 hobgoblins (D:1)
  A quokka (D:4)
  A ball python (D:1)
  2 frilled lizards
  6 kobolds
  3 rats
45 creatures vanquished.

Notes
Turn   | Place    | Note
-------+----------+-------------------------------------------
     0 | D:1      | spooks32 the Centaur Hunter began the quest for the Orb.
     0 | D:1      | Reached XP level 1. HP: 17/17 MP: 1/1
   501 | D:1      | Reached XP level 2. HP: 23/24 MP: 2/2
   844 | D:1      | Reached skill level 6 in Bows
  1358 | D:2      | Found a glowing golden altar of the Shining One.
  1420 | D:2      | Found a snail-covered altar of Cheibriados.
  1696 | D:2      | Reached XP level 3. HP: 22/30 MP: 3/3
  1780 | D:2      | Found a sparkling altar of Nemelex Xobeh.
  1882 | D:2      | Found a stormy altar of Qazlal.
  2147 | D:2      | Found a faded altar of an unknown god.
  2221 | D:2      | Found a hazy altar of Hepliaklqana.
  2629 | D:4      | Reached skill level 7 in Bows
  2629 | D:4      | Reached XP level 4. HP: 17/37 MP: 4/4
  3185 | D:4      | Reached XP level 5. HP: 3/45 MP: 5/5
  3185 | D:4      | HP: 2/45 [poisoned by a worker ant]
  3437 | D:4      | Found Jidis's General Store.
  3452 | D:4      | Bought a scroll of identify for 24 gold pieces
  3452 | D:4      | Bought a bread ration for 60 gold pieces
  3452 | D:4      | Bought a scroll of identify for 24 gold pieces
  3470 | D:4      | Noticed an ogre
  3496 | D:4      | Killed an ogre
  3496 | D:4      | Reached skill level 8 in Bows
  4119 | D:5      | Entered Level 5 of the Dungeon
  4130 | D:5      | HP: 1/46 [adder (3)]
  4131 | D:5      | Succumbed to an adder's poison

Skill      XL: |  1  2  3  4  5 |
---------------+----------------+-----
Bows           | 6 7 8 |  8.2
Fighting       | 3 |  3.8
Long Blades    | |  0.1
Armour         | |  0.4
Dodging        | |  1.3
Stealth        | |  0.4

Action                   |  1- 3 |  4- 6 || total
-------------------------+-------+-------++-------
Melee: Short sword       |    47 |       ||    47
       Kick              |    22 |     8 ||    30
       Long sword        |    31 |    22 ||    53
       Spear             |     9 |       ||     9
 Fire: Shortbow          |    35 |    38 ||    73
  Use: Scroll            |       |     5 ||     5
       Potion            |       |     5 ||     5
  Eat: Chunk             |     2 |       ||     2
       Bread ration      |     1 |       ||     1
       Beef jerky        |       |     1 ||     1
Armor: Leather armour    |    42 |    18 ||    60
Dodge: Dodged            |    55 |    35 ||    90
       Rpst.: Long sword |    17 |     7 ||    24
